AoeStats
← [KMNB] Bandeira

Oasis

507342055Analyzed
2v2 RM · 15d ago on Sep 17, 2026· 12m 4s· 4 players
Game mode
Random Map
Map size
Medium (4 player)
Population
200
Speed
Normal
Resources
Standard
Victory
Conquest
Starting age
Dark Age
Ending age
Imperial Age
RankedLock teamsTeams togetherTeam positionsShared explorationLock speedFull tech treeHidden civsTurbo modeCheats
Victory
Defeat
🇫🇷 Lithuanians · France
1541
+13
🇫🇷 Portuguese · France
1441
+16
🇧🇷 Ethiopians · Brazil
1479
-15
🇧🇷 Italians · Brazil
1440
-14
[KMNB] Dedão
8:41 Loom
10:28 Feudal Age
[KMNB] Bandeira
2:48 Loom
9:36 Feudal Age
11:04 Double-Bit Axe
xcmpierrexcm
5:29 Loom
8:21 Feudal Age
Sunrise1988
10:04 Feudal Age
Connection lost

Rejoining the realm…

Still unreachable

The connection could not be restored.

Session expired

The server has moved on; the page needs a fresh start.